Cogmind - Beta 16.1 @@@ ROGUE MODE // 2026.04.27 @ 15:44:31 Player: sckl Result: Destroyed by D-53 Grenadier with Mini Grenade Launcher Performance ------------- Evolutions (0) 0 Regions Visited (2) 400 Robots Destroyed (31) 155 Value Destroyed (668) 668 Prototype IDs (2) 40 Alien Tech Used (0) 0 Bonus (0) 0 TOTAL SCORE: 1263 Bonus ------- None Cogmind --------- Core Integrity 0/250 Matter 271/300 Energy 100/100 System Corruption 0% Temperature Cool (0) Movement Rolling (175) Ox5 Location -10/Mines Parts ------- > --- POWER (1) -------- (None) > --- PROPULSION (2) --- Compact Wheel > --- UTILITY (2) ------ Huge Storage Unit > --- WEAPON (2) ------- Light Assault Rifle > --- INVENTORY (25) --- Light Ion Engine Light Treads Light Treads Humpback Seismic Detector Transport Network Coupler ECM Suite Hacking Suite Particle Gun Particle Gun Peak State ------------ > --- POWER ------------ Light Nuclear Core > --- PROPULSION ------- Light Treads Compact Wheel > --- UTILITY ---------- Huge Storage Unit Seismic Detector > --- WEAPON ----------- Particle Gun Light Assault Rifle > --- INVENTORY -------- Light Ion Engine Light Treads Light Treads Humpback Seismic Detector Transport Network Coupler Hacking Suite Particle Gun Grenade Launcher [Rating: 11] Favorites ----------- Power Ion Engine Engine Ion Engine Power Core Light Nuclear Core Propulsion Light Treads Treads Light Treads Leg Aluminum Leg Wheel Compact Wheel Utility Seismic Detector Device Seismic Detector Storage Medium Storage Unit Weapon Assault Rifle Energy Gun Particle Gun Ballistic Gun Assault Rifle Launcher Grenade Launcher Build | -11 -10 -10 ------- Run | Yrd Mat Min Slots Evolved . | . . . Power . | . . . Propulsion . | . . . Utility . | . . . Weapon . | . . . Parts Attached 18 | 4 6 8 Power 3 | . 1 2 Engine 2 | . 1 1 Core 1 | . . 1 Reactor . | . . . Propulsion 6 | 2 2 2 Treads 5 | 2 1 2 Leg . | . . . Wheel 1 | . 1 . Hover . | . . . Flight . | . . . Utility 3 | 1 2 . Device 1 | 1 . . Storage 2 | . 2 . Processor . | . . . Hackware . | . . . Protection . | . . . Artifact . | . . . Weapon 6 | 1 1 4 Energy Gun 1 | . . 1 Energy Cannon . | . . . Ballistic Gun 3 | 1 1 1 Ballistic Cannon . | . . . Launcher 2 | . . 2 Special Weapon . | . . . Impact Weapon . | . . . Slashing Weapon . | . . . Piercing Weapon . | . . . Special Melee Weapon . | . . . Unidentified Prototypes . | . . . Parts Lost 10 | . . 10 Power 2 | . . 2 Propulsion 3 | . . 3 Utility 1 | . . 1 Weapon 4 | . . 4 Highest Loss Streak 5 | . . 5 To Critical Strikes . | . . . Average Backups 9 | 6 9 10 Power 1 | 1 1 . Propulsion 3 | 3 3 2 Utility 2 | . 2 4 Weapon 1 | 1 1 2 Tool/Special . | . . . Unused Backups 15 | . 9 6 Power 2 | . 2 . Propulsion 4 | . 4 . Utility 6 | . 1 5 Weapon 3 | . 2 1 Tool/Special . | . . . Average Slot Usage (%) 99 | . 100 97 Engine 11 | . 14 2 Core 2 | . . 10 Treads 23 | . 26 15 Wheel 4 | . 1 11 Device 13 | . 14 13 Storage 14 | . 14 14 Energy Gun 1 | . . 6 Ballistic Gun 26 | . 28 19 Peak Build Rating 11 | 7 8 11 Average Rating 8 | 6 7 10 On Entrance 7 | 6 7 8 Avg Prop Armor Cover (%) 13 | . 13 14 Naked Turns . | . . . Heaviest Build 90 | 15 89 90 Greatest Support 40 | 40 40 40 Greatest Overweight (x) 5 | . 5 5 Average Overweight (x) 1 | . . 4 Largest Inventory Capacity 25 | 8 25 25 Average Capacity 14 | 8 12 25 Most Carried 12 | 7 12 12 Average Carried 9 | 6 9 11 Final Capacity 25 | 8 25 25 Final Carried 12 | 7 12 11 Class Distribution -------------------- 89% | Mutant 10% | Scavenger-Mutant Dominant Class ---------------- Mutant | -10/Materials Scavenger-Mutant | -10/Mines Resources | -11 -10 -10 ----------- Run | Yrd Mat Min Matter Collected 860 | 336 376 148 Remotely . | . . . Salvage Created 1064 | 160 637 267 Parts 72 | 18 41 13 Haulers Intercepted 2 | . 2 . Recyclers Shooed 4 | 2 2 . Parts Field Recycled . | . . . Retrieved Matter . | . . . Parts Self-Destructed . | . . . Prevented . | . . . Parts Restored . | . . . Kills | -11 -10 -10 ------- Run | Yrd Mat Min Combat Hostiles Destroyed 19 | . 13 6 Guns 18 | . 13 5 AOE 1 | . . 1 Classes Destroyed 6 | 2 4 . Tunneler 6 | 5 1 . Hauler 2 | . 2 . Recycler 2 | 1 1 . Operator 2 | . 2 . Swarmer 5 | . 5 . Grunt 14 | . 8 6 Best Kill Streak 4 | 3 3 4 Combat Bots Only 4 | . 3 4 Max Kills in Single Turn 2 | 1 2 1 Gunslinging 1 | . 1 . Exploded 1 | . . 1 Melee . | . . . Uniques/NPCs Destroyed . | . . . Combat | -11 -10 -10 -------- Run | Yrd Mat Min Hostile Shots Fired 135 | . 64 71 Missed 32 | . 19 13 Hits 103 | . 45 58 Projectile 103 | . 45 58 AOE 13 | . . 13 Damage Taken 1545 | . 503 1042 Core 256 | . 89 167 Absorbed by Shields . | . . . Core Remaining (%) 100 | 100 . . Volleys Fired 100 | 17 53 30 Largest 2 | 2 2 2 Hottest 85 | 40 40 85 Shots Fired 193 | 34 106 53 Gun 188 | 34 106 48 Cannon . | . . . Launcher 5 | . . 5 Special . | . . . Kinetic 187 | 34 106 47 Thermal 1 | . . 1 Explosive 5 | . . 5 Electromagnetic . | . . . Robot Hit Streak 19 | 12 19 10 Robot Miss Streak 3 | 3 3 2 Penetration Max . | . . . Secondary Targets 2 | . 1 1 Max Gunslinging Chain 1 | . 1 1 Shots Hit Robots 138 | 22 76 40 Core Hits 62 | 7 30 25 Critical Kills . | . . . Critical Parts Destroyed 1 | . 1 . Critical Strikes 1 | . 1 . Destroy 1 | . 1 . Melee Attacks . | . . . Impact . | . . . Slashing . | . . . Piercing . | . . . Sneak Attacks . | . . . Combat Hostiles . | . . . Follow-up Attacks . | . . . Damage Inflicted 1825 | 291 1045 489 Guns 1622 | 291 992 339 Cannons . | . . . Explosions 150 | . . 150 Melee . | . . . Ramming 53 | . 53 . Kinetic 1609 | 291 992 326 Thermal 13 | . . 13 Explosive 150 | . . 150 Electromagnetic . | . . . Impact . | . . . Slashing . | . . . Piercing . | . . . Highest Corruption . | . . . Average Corruption . | . . . Corruption Purged . | . . . Corruption Blocked . | . . . Overload Shots . | . . . Overflow Damage . | . . . Projectiles . | . . . Explosions . | . . . Melee . | . . . Knockbacks . | . . . Impact . | . . . Kinetic . | . . . Secondary . | . . . Self-Inflicted Damage 16 | . 16 . Shots . | . . . Rammed 5 | . 5 . Targets Rammed 6 | . 6 . Kicked . | . . . Crushed 1 | . 1 . Highest Temperature 64 | . 6 64 Average Temperature 15 | . 3 17 Received Heat Transfer 579 | . 240 339 Siege Activations . | . . . Martial Activations . | . . . Shielding Activations . | . . . Robots Disrupted . | . . . Combat Hostiles . | . . . Robots Corrupted . | . . . Combat Hostiles . | . . . Parts Fried . | . . . Impact Corruptions . | . . . Robots Melted . | . . . Combat Hostiles . | . . . Parts Melted . | . . . Heat Transferred 37 | . . 37 Parts Sabotaged . | . . . Parts Stolen . | . . . Parts Stripped . | . . . Power Chain Reactions . | . . . Alert | -11 -10 -10 ------- Run | Yrd Mat Min Maximum Alert Level . | . . . Low Security (%) 100 | 100 100 100 Level 1 . | . . . Level 2 . | . . . Level 3 . | . . . Level 4 . | . . . Level 5 . | . . . High Security . | . . . Max Security . | . . . Peak Influence 126 | 10 126 83 Initial 25 | . . 25 Average 37 | 2 44 28 Influence Increases 689 | 30 484 175 Destroy 0b10 Robot/C 380 | . 260 120 Destroy 0b10 Robot/NC 60 | 30 30 . Destroy Leader 94 | . 64 30 Successful Hack 23 | . 23 . Select Force Hacks 60 | . 60 . Destroy Structure 27 | . 2 25 Lose Combat Pursuer 45 | . 45 . Influence Decreases 689 | 30 419 240 Entered New Map 40 | . . 40 Time Decay 582 | 30 419 133 Lost Part 67 | . . 67 Squads Dispatched 7 | . 7 . Investigation 5 | . 5 . Extermination . | . . . Reinforcement 2 | . 2 . Assault . | . . . Garrison . | . . . Intercept . | . . . Searches Triggered . | . . . Construction Impeded . | . . . Haulers Reinforced . | . . . Active Scanning Responses . | . . . Cargo Convoy Interrupts . | . . . Stealth | -11 -10 -10 --------- Run | Yrd Mat Min Distress Signals 3 | . 3 . Communications Jammed . | . . . Distress Signals . | . . . Times Spotted 41 | . 25 16 Peak Tracking Total 11 | . 4 11 Tactical Retreats 2 | . 2 . Traps | -11 -10 -10 ------- Run | Yrd Mat Min Traps Triggered 1 | . 1 . Indirectly . | . . . Trap Hack Attempts . | . . . Triggered . | . . . Disarmed . | . . . Reprogrammed . | . . . Reused . | . . . Traps Extracted . | . . . Installed . | . . . Triggered . | . . . Machines | -11 -10 -10 ---------- Run | Yrd Mat Min Machines Disabled . | . . . Max in Single Turn . | . . . Machines Repaired . | . . . Machines Dismantled . | . . . Machines Sabotaged . | . . . Overloaded Fab Kills . | . . . Hacking | -11 -10 -10 --------- Run | Yrd Mat Min Machines Accessed 7 | . 7 . Terminals 5 | . 5 . Fabricators . | . . . Repair Stations . | . . . Recycling Units 2 | . 2 . Scanalyzers . | . . . Garrison Access . | . . . Total Hacks 25 | . 25 . Successful 16 | . 16 . Failed 9 | . 9 . Catastrophic 1 | . 1 . Database Lockouts . | . . . Manual 20 | . 20 . Terminals 23 | . 23 . Fabricators . | . . . Repair Stations . | . . . Recycling Units 2 | . 2 . Scanalyzers . | . . . Garrison Access . | . . . Terminal Hacks 6 | . 6 . Robot Analysis 3 | . 3 . Prototype ID Bank 1 | . 1 . Terminal Index 1 | . 1 . Registered Components 1 | . 1 . Fabricator Hacks . | . . . Repair Station Hacks . | . . . Recycling Unit Hacks . | . . . Scanalyzer . | . . . Garrison Access Hacks . | . . . Unauthorized Hacks 10 | . 10 . Terminals 8 | . 8 . Botnet 2 | . 2 . Operators 1 | . 1 . Skim 5 | . 5 . Fabricators . | . . . Repair Stations . | . . . Recycling Units 2 | . 2 . Tunnel 2 | . 2 . Scanalyzers . | . . . Garrison Access . | . . . Data Cores Recovered . | . . . Used . | . . . Hacking Detections 5 | . 5 . Full Trace Events . | . . . Feedback Events . | . . . Feedback Blocked . | . . . Robot Schematics Acquired . | . . . Robots Built . | . . . Authchips . | . . . Time . | . . . Total Robot Build Rating . | . . . Part Schematics Acquired . | . . . Parts Built . | . . . Authchips . | . . . Time . | . . . Total Part Build Rating . | . . . Part Studies Acquired . | . . . Parts Repaired . | . . . Time . | . . . Parts Recycled . | . . . Recycled Matter . | . . . Retrieved Matter . | . . . Retrieved Components . | . . . Parts Scanalyzed . | . . . Part Schematics Acquired . | . . . Parts Damaged . | . . . Bothacking | -11 -10 -10 ------------ Run | Yrd Mat Min Used RIF Installer . | . . . Robots Hacked . | . . . Non-combat . | . . . Combat . | . . . Robot Hacks Applied . | . . . Relay Couplers Released . | . . . Fabnet Peak Effective % . | . . . Robots Rewired . | . . . Allies Hacked . | . . . Hacks Repelled . | . . . Allies | -11 -10 -10 -------- Run | Yrd Mat Min Total Allies . | . . . Largest Group . | . . . Highest-Rated Group . | . . . Highest-Rated Ally . | . . . Total Orders . | . . . Ally Attacks . | . . . Total Damage . | . . . Kills . | . . . Allies Corrupted . | . . . Allies Melted . | . . . Intel | -11 -10 -10 ------- Run | Yrd Mat Min Active Infowar (turns) 1801 | 52 1375 374 Seismic 1801 | 52 1375 374 Robot Analysis Total 3 | . 3 . Derelict Logs Recovered 1 | . . 1 Drone Launches . | . . . Drone Recoveries . | . . . Exploration | -11 -10 -10 ------------- Run | Yrd Mat Min Turns Passed 1899 | 140 1375 384 Spaces Moved 902 | 51 690 161 Core . | . . . Treads 635 | 51 583 1 Legs . | . . . Wheels 267 | . 107 160 Hover . | . . . Flight . | . . . Fastest Speed 160 | 160 160 175 Average Speed 167 | 160 166 175 Slowest Speed 320 | 160 320 320 Overloaded Moves . | . . . Propulsion Burnouts . | . . . Robots Hopped . | . . . Potential Cave-ins . | . . . Cave-ins Triggered . | . . . Exploration Rate (%) 46 | 3 91 45 Regions Visited 2 Branch Regions 1 Pre-discovered Areas 4 | . 4 . Known Exits Taken . | . . . Unknown Exits Taken 2 | 1 1 . Scrap Searched 1 | . . 1 Spaces Dug . | . . . Terrain Destroyed 31 | . . 31 Melee . | . . . Projectile . | . . . AOE 31 | . . 31 Terrain Rammed . | . . . Walls Destroyed . | . . . Machines Disabled . | . . . Actions | -11 -10 -10 --------- Run | Yrd Mat Min Total 1102 | 74 813 215 Wait 46 | . 38 8 Move 900 | 50 689 161 Hop . | . . . Pick Up 16 | 2 10 4 Fast Attach 1 | 1 . . Attach 6 | . . 6 Detach . | . . . Swap 16 | 3 7 6 Drop 11 | 1 10 . Fire 100 | 17 53 30 Melee . | . . . Ram 1 | . 1 . Kick . | . . . Crush 5 | . 5 . Escape Stasis . | . . . Rewire . | . . . Trap . | . . . Miscellaneous . | . . . Route ------- -11/Scrapyard -10/Materials (discovered 4 exits: [*Mat] / [*Min x2] / Sub) -10/Mines (discovered 1 exit: [*Mat]) History --------- Turn | Location | Event 27 | -11/Scrapyard | Discovered new exit (range 2) 141 | -11/Scrapyard | Entered Materials 313 | -10/Materials | Build established: Mutant 771 | -10/Materials | Discovered new exit (range 8) 841 | -10/Materials | Derelicts attacked the area 1084 | -10/Materials | Discovered new exit (range 6) 1172 | -10/Materials | Discovered new exit (range 14) 1296 | -10/Materials | Learned location of Mines (-10) 1330 | -10/Materials | Learned location of 2 exits from Subcaves 1387 | -10/Materials | Identified exit to Subcaves 1516 | -10/Materials | Entered Mines 1520 | -10/Mines | Met a Derelict bent on vengeance 1572 | -10/Mines | Lost 3 parts (1p1n1w) 1626 | -10/Mines | Learned location of 1 exit from Materials 1689 | -10/Mines | Core integrity fell below 50% 1766 | -10/Mines | Received a Rocket Launcher from a helpful Derelict 1879 | -10/Mines | Assembled infested the area 1889 | -10/Mines | Discovered new exit (range 9) 1897 | -10/Mines | Core integrity fell below 20% 1900 | -10/Mines | Destroyed by D-53 Grenadier with Mini Grenade Launcher Last Messages --------------- 01887_ YK-UH8(g) destroyed. 01889_ EXIT=FOUND 01890_ The unstable cave ceiling collapses. 01890_ as-16218 sneak attacks. 01890_ T-07 Excavator system corrupted by crushing effect. 01890_ T-07 Excavator knocked back. 01890_ Rocket Launcher destroyed. 01890_ Seismic Detector destroyed. 01891_ T-07 Excavator system terminally corrupted. 01892_ The unstable cave ceiling collapses. 01892_ Lgt. Treads destroyed. 01894_ Lgt. Nuclear Core destroyed. 01894_ Grenade Launcher destroyed. 01894_ as-16218 destroyed. 01894_ as-20943 destroyed. 01894_ as-04411 destroyed. 01896_ as-05075 powers down. 01896_ as-05386 powers down. 01897_ as-12790 destroyed. 01898_ The unstable cave ceiling collapses. Map ----- +----------------------------------------------------+ | ??????????????????????### ###??????#!###### | | ????????????????????????## ##????????#=% * | | ?????????????????????????## ##????????######## | | ??????????????????????????# ##??????????????? | | ?????????????????????????## #??????????????? | | ????????????????????????## ##?????????????? | | ????????????????????????# ##??????????### | | ???????????????????????## ##?????????# | | ??????????????????????## ##????????# | | ??????????????????????# #????????# | | ????????????????????# #?????????# | | ???????????????????# #### ## ##????????## | | ??????????????????# #???# ## ##????????# | | ??????????????????# #####????# ####????## | | ????????????????????????###### ## ##??## | | ???????????????????????? ### #### | | ???????????????????????? #?### | | ??????????????????????? # ###????## | | ?????????????????????? # ##?????# ##### | | ????????????????????????< #?????## ##???# | | ???????????????????????? % #??????####????## | | ?????????????????????#### ##??????????????## | | ??????????????????#### d #???????????###### | | ?????????????????## d #??????????## ## | | ?????????????????# #???????????# | | ???????????#% #### @ #???????????# # | | ???????????# a a #???######### ## | | ???????????# %= ##???#! ##? | | ???????????###### #????#%###### #?? | | ????????????????## #????#!#????# #? | | ?????????????????## #????# #????# | | ??????????????????#### # ###### #????## | | ?????????????????????## """ """ ## #?????###### | | ??????????????????????# """ """ ## #???????????# | | ??????????????????????# """ """ #???????????? | | ??????????????????????# ####???????????? | | ??????????????????????# #??????????????? | | ??????????????????????#############??????????????? | | ?????????????????????????????????????????????????? | | ?????????????????????????????????????????????????? | | | | | | | | | | | | | | | | | | | | | +----------------------------------------------------+ Best States ------------- Heat Dissipation 25 Energy Generation 14 Energy Capacity 250 Matter Stores 300 Matter Capacity 300 Sight Range 16 Terrain Scan Density 10 Evasion (%) 40 Recoil Reduction 2 Item Schematics ----------------- None Robot Schematics ------------------ None Fabricated ------------ Nothing Repaired ---------- Nothing Studied --------- None Alien Tech Used ----------------- None Achievements -------------- None Challenges ------------ None Game ------ Seed TiamatBattleExoskeleton Manual? 0 Play Time 00:22:36 Cumulative 31.8 hours Start 2026.04.27 @ 13:44:54 End 2026.04.27 @ 15:44:31 Sessions 1 Manual Loads 0 Difficulty Rogue Special Mode None Game No. 27 Rogue 27 Adventurer 0 Explorer 0 Win Type - Total 2 Types 2/0/0/0/0/0/0/0/0/0 Lore% 9 Gallery% 21 Achievement% 20 Wizard Run 0 Options --------- Layout 0 ASCII 0 Keyboard 1 Movement Arrows Keybinds 0 Fullscreen 2 Font 24/Smallcaps Map View 113x50 Zoom Use 0% Tactical HUD 1 Map Filters NONE Filters NONE Steam 1 RUN: 139c59e6-68e8-4530-9eac-6b8febdf9b28